 Dungeon Crawl Stone Soup version 0.29.1-2-gbd0b4ee654 (webtiles) character file.

Game seed: 13232258228602864830

79 kingsuperguy the Trooper (level 4, -5/41 HPs)
             Began as a Minotaur Berserker on Nov 16, 2022.
             Was a Believer of Trog.
             Slain by a gnoll
             ... wielding a +0 flail
              (8 damage)
             ... on level 3 of the Dungeon.
             The game lasted 00:03:30 (2503 turns).

kingsuperguy the Trooper (Minotaur Berserker)       Turns: 2503, Time: 00:03:30

Health: -5/41      AC: 11    Str: 21 (23) XL:     4   Next: 16%
Magic:  3/3        EV:  8    Int:  2 (4)  God:    Trog [**....]
Gold:   165        SH:  0    Dex:  9 (10) Spells: 3/3 levels left

rFire   . . .      SeeInvis .   o - +0 dagger (vamp)
rCold   . . .      Faith    .   (no shield)
rNeg    . . .      Spirit   .   k - +0 chain mail
rPois   .          Reflect  .   (helmet restricted)
rElec   .          Harm     .   (no cloak)
rCorr   .          Rampage  .   (no gloves)
Will    +....                   (no boots)
Stlth   ..........              (no amulet)
HPRegen 0.13/turn               (no ring)
MPRegen 0.08/turn               (no ring)

@: silenced, on berserk cooldown, unable to read
A: horns 2, retaliatory headbutt, iridescent scales 1, strong-willed 1,
inability to read after injury 1
a: Renounce Religion


You were on level 3 of the Dungeon.
You worshipped Trog.
Trog was pleased with you.
You visited 1 branch of the dungeon, and saw 3 of its levels.

You collected 165 gold pieces.

Inventory:

Hand Weapons
 a - a +0 mace
 e - a +0 trident
 o - a +0 vampiric dagger (weapon)
Missiles
 p - 9 stones (quivered)
Armour
 b - a +0 animal skin
 k - a +0 chain mail (worn)
 r - a +0 leather armour
Jewellery
 n - a ring of willpower
Scrolls
 d - a scroll of fog {unknown}
 f - a scroll of brand weapon
 l - a scroll of identify
Potions
 c - a potion of flight {unknown}
 h - a potion of brilliance {unknown}
 j - a potion of degeneration
 m - a potion of cancellation


   Skills:
 + Level 4.5 Fighting
 * Level 1.1 Short Blades
 - Level 4.1 Maces & Flails
 - Level 1.0 Polearms
 + Level 2.8 Armour
 + Level 2.6 Dodging
 + Level 0.7 Stealth


You had 3 spell levels left.
You didn't know any spells.
Your spell library was empty.

Dungeon Overview and Level Annotations

Branches:
Dungeon (3/15)

Altars:

Shops:
D:1 (


Innate Abilities, Weirdness & Mutations

You have a pair of horns on your head.
You reflexively headbutt those who attack you in melee.
You are partially covered in iridescent scales. (AC +2)
You are strong-willed. (Will+)
You occasionally lose the ability to read scrolls when taking damage.


Message History

The kobold shouts!
You hear an angry hiss.
The gnoll barely misses you.
You barely miss the kobold. The gnoll hits you but does no damage.
The kobold hits you but does no damage.
You closely miss the kobold. You headbutt the kobold.
You kill the kobold!
Trog accepts your kill.
You can now call upon Trog for regeneration and willpower.
An adder comes into view.
The gnoll hits you but does no damage. The gnoll closely misses you.
The gnoll hits you from afar with a +0 spear.
It was a potion of mutation.
You feel extremely strange.
You feel strong-willed.
You occasionally lose the ability to read scrolls when taking damage.
Iridescent scales grow over part of your body.
The gnoll hits you with a +0 flail.
You feel threatened and lose the ability to read scrolls!
* * * LOW HITPOINT WARNING * * *
The gnoll hits you but does no damage.
The gnoll hits you from afar with a +0 spear.
* * * LOW HITPOINT WARNING * * *
The gnoll hits you but does no damage.
It was a potion of curing.
You feel better.
You can read scrolls again.
The gnoll hits you but does no damage. The gnoll hits you with a +0 flail.
* * * LOW HITPOINT WARNING * * *
The gnoll hits you but does no damage. x2
As you read the scroll labelled QUYJUR FI ALACEACW, it crumbles to dust.
It is a scroll of identify.
f - a scroll of brand weapon The gnoll hits you with a +0 flail.
* * * LOW HITPOINT WARNING * * *
The gnoll hits you but does no damage. The gnoll hits you with a +0 club.
* * * LOW HITPOINT WARNING * * *
The gnoll closely misses you.
As you read the scroll labelled GOPAYF TUXE, it crumbles to dust.
A profound silence engulfs you.
It was a scroll of silence.
The gnoll hits you but does no damage. The gnoll hits you with a +0 flail!
You feel threatened and lose the ability to read scrolls!
You die...

######
#####....#
#........#
#.##..#..#
#.##.##..#####
#...g##......#
###.g@gS.....#
#####g###.######
...$..†?.<#
.###..)?†##
#....g.......
#.......[##.#
#.....#..#
..........#
########...#


You could see 4 gnolls and an adder.

Vanquished Creatures
  Jessica (D:3)
  An adder (D:2)
  3 ball pythons
  2 bats (D:1)
  5 endoplasms
  5 giant cockroaches
  6 goblins
  2 hobgoblins (D:1)
  2 quokkas (D:1)
  3 frilled lizards
  6 kobolds
  5 rats
41 creatures vanquished.

Notes
Turn   | Place    | Note
-------+----------+-------------------------------------------
     0 | D:1      | kingsuperguy the Minotaur Berserker began the quest for the
                  | Orb.
     0 | D:1      | Reached XP level 1. HP: 19/19 MP: 0/0
   161 | D:1      | You fall into a shaft and drop 1 floor!
   357 | D:2      | Reached XP level 2. HP: 27/27 MP: 1/1
  1722 | D:1      | Reached XP level 3. HP: 33/33 MP: 2/2
  1804 | D:1      | Found Evuzuf's Antique Weapon Shop.
  2062 | D:1      | Reached skill level 1 in Polearms
  2467 | D:3      | Noticed Jessica
  2472 | D:3      | Killed Jessica
  2473 | D:3      | Reached XP level 4. HP: 41/41 MP: 3/3
  2476 | D:3      | Reached skill level 1 in Short Blades
  2499 | D:3      | Reached ** piety under Trog
  2500 | D:3      | Gained mutation: You are strong-willed. (Will+) [potion of
                  | mutation]
  2500 | D:3      | Gained mutation: You occasionally lose the ability to read
                  | scrolls when taking damage. [potion of mutation]
  2500 | D:3      | Gained mutation: You are partially covered in iridescent
                  | scales. (AC +2) [potion of mutation]
  2503 | D:3      | Slain by a gnoll

Illustrated notes

Levels and vault maps discovered:
D:1:      dpeg_arrival_renting, layout_loops_corners, serial_shops, shop
D:2:      layout_basic
D:3:      layout_basic, mainiacjoe_overflow_surrounded_room, serial_curves,
          eino_curves_03, eino_curves_04, chequers_serial_rivers_large_b,
          uniq_jessica

Skill      XL: |  1  2  3  4 |
---------------+-------------+-----
Fighting       | 4 |  4.5
Maces & Flails | 4 |  4.1
Polearms       | 1 |  1.0
Short Blades   | 1 |  1.1
Armour         | |  2.8
Dodging        | |  2.6
Stealth        | |  0.7

Action                   |  1- 3 |  4- 6 || total
-------------------------+-------+-------++-------
Melee: Mace              |     5 |       ||     5
       Trident           |    41 |       ||    41
       Headbutt          |     7 |     2 ||     9
       Dagger            |    41 |    12 ||    53
Invok: Berserk           |     1 |       ||     1
  Use: Potion            |       |     4 ||     4
       Scroll            |       |     2 ||     2
 Stab: Sleeping          |     1 |       ||     1
Armor: Animal skin       |     8 |       ||     8
       Chain mail        |    30 |    17 ||    47
Dodge: Dodged            |    38 |    15 ||    53
